 Dungeon Crawl Stone Soup version 0.20.1-1-g8b1a95d (webtiles) character file.

182 vineage the Shield-Bearer (level 5, -9/33 HPs)
             Began as a Gargoyle Fighter on Aug 10, 2017.
             Was a Follower of the Shining One.
             Mangled by an ogre
             ... wielding a +0 giant club
              (13 damage)
             ... on level 4 of the Dungeon.
             The game lasted 00:05:33 (2293 turns).

vineage the Shield-Bearer (Gargoyle Fighter)        Turns: 2293, Time: 00:05:34

Health: -9/33      AC:  9    Str: 20    XL:     5   Next: 61%
Magic:  5/5        EV:  8    Int:  9    God:    the Shining One [*.....]
Gold:   149        SH:  9    Dex:  9    Spells: 4/4 levels left

rFire    . . .     SeeInvis .   a - +0 flail
rCold    . . .     Gourm    .   c - +0 shield
rNeg     + . .     Faith    .   g - +0 ring mail (curse)
rPois    ∞         Spirit   .   (no helmet)
rElec    +         Reflect  .   (no cloak)
rCorr    .         Harm     .   (no gloves)
MR       .....                  (no boots)
Stlth    ..........             (no amulet)
Regen    0.2/turn               (no ring)
MPRegen  0.1/turn               (no ring)

@: glowing
A: negative energy resistance 1, electricity resistance, unbreathing,
petrification resistance, rot immunity, AC +4
a: Renounce Religion


You were on level 4 of the Dungeon.
You worshipped the Shining One.
The Shining One was aware of your devotion.
You were not hungry.

You visited 1 branch of the dungeon, and saw 4 of its levels.

You collected 149 gold pieces.

Inventory:

Hand Weapons
 a - a +0 flail (weapon)
Armour
 c - a +0 shield (worn)
 g - a cursed +0 ring mail (worn)
 n - a +0 plate armour
Scrolls
 e - 2 scrolls of identify
 w - a scroll of fog
 y - a scroll of teleportation
 B - a scroll of recharging
Potions
 d - 2 potions of might
 h - 2 potions of flight {unknown}
 j - a potion of lignification
 k - a potion of brilliance {unknown}
 l - a potion of agility {unknown}
 p - a potion of curing {unknown}
 s - a potion of degeneration {unknown}
 x - a potion of ambrosia {unknown}
Books
 m - a book of Changes

   Spells                             Type                      Level
   a - Beastly Appendage              Transmutation                1
   b - Sticks to Snakes               Transmutation                2
   c - Spider Form                    Transmutation/Poison         3
   d - Ice Form                       Ice/Transmutation            4
   e - Blade Hands                    Transmutation                5
Comestibles
 f - 4 bread rations
 q - a royal jelly
 v - a meat ration
 z - a fruit


   Skills:
 + Level 4.1 Fighting
 + Level 3.9 Maces & Flails
 + Level 3.9 Armour
 + Level 0.4 Dodging
 + Level 0.2 Stealth
 + Level 4.2 Shields


You had 4 spell levels left.
You didn't know any spells.

Dungeon Overview and Level Annotations

Branches:
Dungeon (4/15)
 Temple: D:4-7

Altars:
The Shining One

Annotations:
D:4 Eustachio


Innate Abilities, Weirdness & Mutations

You are resistant to torment.
Your stone body is resilient. (AC +4)
You are immune to poison.
You resist negative energy. (rN+)
You are resistant to electric shocks. (rElec)
You can survive without breathing.
You are immune to petrification.
You are immune to rotting.


Message History

Oops, that feels deathly cold.
Done exploring.
There is a stone staircase leading down here.
You climb downwards.
An ogre and Eustachio come into view.
Eustachio shouts!
The ogre shouts!
Found a ring mail and a glowing dagger.
There is a stone staircase leading up here.
The ogre barely misses you.
Eustachio gestures wildly while chanting.
A quokka comes into view.
The ogre hits you with a giant club!
You hit the ogre but do no damage. The ogre hits you with a giant club!
Ouch! That really hurt!
* * * LOW HITPOINT WARNING * * *
Eustachio casts a spell.
You hit the ogre.
The ogre is lightly wounded.
The ogre hits you with a giant club!
You die...

.... ##...
....###... .
.........#
r..........
..........#######
......@..<......#
......####......#
......####b..[..#
#.....@O@r....#
#.######r5....#
#......# ####.###
.# .#


You could see Eustachio, an ogre, a crimson imp, a quokka, a bat and a rat.

Vanquished Creatures
  Jessica (D:3)
  Terence (D:2)
  4 adders
  An ooze (D:1)
  4 worms
  A dart slug (D:1)
  3 leopard geckos
  An orc (D:3)
  4 giant cockroaches
  10 goblins
  10 hobgoblins
  10 kobolds
  A quokka (D:2)
  11 bats
  A frilled lizard (D:1)
  10 rats
73 creatures vanquished.

Notes
Turn   | Place    | Note
-------+----------+-------------------------------------------
     0 | D:1      | vineage the Gargoyle Fighter began the quest for the Orb.
     0 | D:1      | Reached XP level 1. HP: 14/14 MP: 1/1
    30 | D:1      | Reached XP level 2. HP: 9/19 MP: 2/2
   298 | D:1      | Reached XP level 3. HP: 22/24 MP: 3/3
   731 | D:2      | Found a glowing golden altar of the Shining One.
   747 | D:2      | Became a worshipper of the Shining One
   829 | D:2      | Reached XP level 4. HP: 26/29 MP: 4/4
  1157 | D:2      | Noticed Terence
  1170 | D:2      | Killed Terence
  1280 | D:2      | Reached XP level 5. HP: 33/33 MP: 5/5
  1517 | D:3      | Noticed Jessica
  1527 | D:3      | Killed Jessica
  1527 | D:3      | Reached * piety under the Shining One
  2281 | D:4      | Noticed Eustachio
  2281 | D:4      | Noticed an ogre
  2293 | D:4      | Mangled by an ogre

Skill      XL: |  1  2  3  4 |
---------------+-------------+-----
Fighting       | 4 |  4.1
Maces & Flails | 3 |  3.9
Shields        | 4 |  4.2
Armour         | |  3.9
Dodging        | |  0.4
Stealth        | |  0.2

Action                   |  1- 3 |  4- 6 || total
-------------------------+-------+-------++-------
Melee: Flail             |   129 |   160 ||   289
  Use: Scroll            |       |     7 ||     7
  Eat: Meat ration       |       |     1 ||     1
Armor: Scale mail        |    76 |     8 ||    84
       Plate armour      |       |   106 ||   106
Dodge: Dodged            |    33 |    36 ||    69
Block: Shield            |    72 |    81 ||   153
